 Dungeon Crawl Stone Soup version 0.29-a0-722-g64f5989226 (webtiles) character file.

Game seed: 16560602833056243968

709 PentaManta the Basher (level 7, -2/41 HPs)
             Began as a Gargoyle Berserker on June 28, 2022.
             Was a Priest of Trog.
             Slain by a wyvern (12 damage)
             ... on level 8 of the Dungeon.
             The game lasted 00:08:52 (4700 turns).

PentaManta the Basher (Gargoyle Berserker)          Turns: 4700, Time: 00:08:53

Health: -2/41      AC: 13    Str: 19    XL:     7   Next: 68%
Magic:  7/7        EV: 11    Int: 18    God:    Trog [***...]
Gold:   406        SH:  0    Dex: 15    Spells: 6/6 levels left

rFire   + . .      SeeInvis .   m - +6 mace "Okhuc" {vorpal, rPois rCorr Str-3 Int+10}
rCold   . . .      Faith    .   (no shield)
rNeg    + . .      Spirit   .   i - +0 ring mail
rPois   ∞          Reflect  .   (no helmet)
rElec   +          Harm     .   u - +1 cloak
rCorr   +          Rampage  .   f - +0 pair of gloves
Will    .....                   (no boots)
Stlth   +.........              (no amulet)
HPRegen 0.13/turn               c - ring of protection from fire
MPRegen 0.10/turn               j - +6 ring of dexterity

@: no status effects
A: sickness immunity, AC +4, negative energy resistance 1, electricity
resistance, torment resistance 1, petrification resistance
a: Renounce Religion, Berserk, Trog's Hand


You were on level 8 of the Dungeon.
You worshipped Trog.
Trog was most pleased with you.
You visited 2 branches of the dungeon, and saw 9 of its levels.

You collected 406 gold pieces.

Inventory:

Hand Weapons
 b - a +0 whip
 k - a +2 dagger of venom
 m - the +6 mace "Okhuc" (weapon) {vorpal, rPois rCorr Str-3 Int+10}
   (You found it on level 3 of the Dungeon)

   It inflicts extra damage upon your enemies.
   Str:       It affects your strength (-3).
   Int:       It affects your intelligence (+10).
   rPois:     It protects you from poison.
   rCorr:     It protects you from acid and corrosion.
Missiles
 v - 3 silver boomerangs
 w - 5 boomerangs (quivered)
 z - a throwing net
 C - 3 poisoned darts
Armour
 f - a +0 pair of gloves (worn)
 i - a +0 ring mail (worn)
 s - a +0 cloak
 t - a +0 chain mail
 u - a +1 cloak (worn)
Jewellery
 c - a ring of protection from fire (left hand)
 j - a +6 ring of dexterity (right hand)
Scrolls
 d - 3 scrolls of teleportation {unknown}
 e - 4 scrolls of identify {unknown}
 g - 3 scrolls of fog {unknown}
 o - 2 scrolls of amnesia {unknown}
 r - a scroll of summoning {unknown}
 x - a scroll of noise {unknown}
 y - a scroll of magic mapping {unknown}
 B - a scroll of torment {unknown}
Potions
 a - a potion of haste {unknown}
 h - 2 potions of magic {unknown}
 l - 2 potions of berserk rage {unknown}
 n - a potion of brilliance {unknown}
 p - a potion of experience {unknown}
 q - 2 potions of heal wounds {unknown}
 A - a potion of curing {unknown}


   Skills:
 - Level 3.2 Fighting
 + Level 8.8 Maces & Flails
 - Level 2.1 Armour
 - Level 1.5 Dodging


You had 6 spell levels left.
You didn't know any spells.
Your spell library was empty.

Dungeon Overview and Level Annotations

Branches:
Dungeon (9/15)             Temple (1/1) D:4
   Lair: D:8-11         Orc: D:9-12

Altars:
Cheibriados
Dithmenos
Fedhas
Hepliaklqana
Makhleb
Okawaru
Ru
Sif Muna
Trog
Uskayaw
Wu Jian
Xom
Yredelemnul
Zin

Shops:
D:9 *

Annotations:
D:6 Grinder


Innate Abilities, Weirdness & Mutations

You are immune to sickness and miasma.
Your stone body is resilient. (AC +4)
You are immune to poison.
You resist negative energy. (rN+)
You are resistant to electric shocks. (rElec)
You are resistant to unholy torment.
You are immune to petrification.


Message History

Trog accepts your kill.
No target in view!
No target in view!
Found a bubbling amethyst potion.
You now have 406 gold pieces (gained 21).
A sky beast comes into view.
Found a curved iron wand and 14 gold pieces.
A sourceless malevolence fills the Dungeon... and a teleportation trap spontaneously manifests!
You are yanked towards some nearby monsters!
Your surroundings suddenly seem different.
A wyvern and a bullfrog come into view.
Found a book of Burglary.
The wyvern hisses angrily.
The bullfrog croaks.
You hear a shout! x2
Throw: 5 boomerangs
Press: ? - help, Q - select action, (/) - cycle Shift-Dir - straight line, f - wyvern
Aim: a wyvern (59% to hit)
You throw a boomerang.
The boomerang closely misses the wyvern.
An orc comes into view. It is wielding a +0 club.
Throw: 5 boomerangs
Press: ? - help, Q - select action, (/) - cycle Shift-Dir - straight line, f/p - wyvern
Aim: a wyvern (59% to hit)
You throw a boomerang. The boomerang barely misses the wyvern.
The wyvern bites you!
Unknown command.
You hit the wyvern.
The wyvern is moderately wounded.
The wyvern bites you! The bullfrog barely misses you.
The wyvern barely misses you. The bullfrog barely misses you.
You closely miss the wyvern.
The wyvern is moderately wounded.
The wyvern bites you.
The bullfrog hits you but does no damage.
You hit the wyvern but do no damage.
The wyvern is moderately wounded.
The wyvern bites you but does no damage.
The bullfrog hits you.
* * * LOW HITPOINT WARNING * * *
The wyvern bites you!
You die...

..≈§
..........
###........#
...........
#..........
#..o.......
#.....:....
#..lF......
#.@.......
##........
#########


You could see a wyvern, a bullfrog and an orc.

Vanquished Creatures
  A centaur (D:5)
  A scorpion (D:5)
  A bullfrog (D:8)
  A jelly (D:5)
  2 orc priests
  A hound (D:4)
  2 iguanas (D:5)
  3 orc wizards
  4 gnolls (D:5)
  11 adders
  A shadow imp (D:5)
  2 worms
  6 dart slugs
  14 orcs
  4 ball pythons
  4 endoplasms
  3 giant cockroaches
  9 goblins
  6 hobgoblins
  8 quokkas
  7 bats
  6 frilled lizards
  6 kobolds
  4 rats
107 creatures vanquished.

Vanquished Creatures (others)
  3 fungi (D:1)
  2 plants (D:1)
5 creatures vanquished.

Grand Total: 112 creatures vanquished

Notes
Turn   | Place    | Note
-------+----------+-------------------------------------------
     0 | D:1      | PentaManta the Gargoyle Berserker began the quest for the
                  | Orb.
     0 | D:1      | Reached XP level 1. HP: 14/14 MP: 1/1
   256 | D:1      | Reached XP level 2. HP: 15/19 MP: 2/2
   616 | D:1      | Reached skill level 4 in Maces & Flails
   748 | D:1      | Reached XP level 3. HP: 22/23 MP: 3/3
   777 | D:1      | Found a faded altar of an unknown god.
  1629 | D:2      | Reached XP level 4. HP: 28/28 MP: 4/4
  2053 | D:2      | Reached ** piety under Trog
  2195 | D:2      | Reached skill level 5 in Maces & Flails
  2375 | D:3      | Identified the +6 mace "Okhuc" {vorpal, rPois rCorr Str-3
                  | Int+10}
  2702 | D:4      | Reached XP level 5. HP: 32/32 MP: 5/5
  3029 | D:4      | Reached skill level 6 in Maces & Flails
  3041 | D:4      | Reached XP level 6. HP: 34/37 MP: 6/6
  3302 | D:4      | Found a staircase to the Ecumenical Temple.
  3346 | Temple   | Entered the Ecumenical Temple
  3561 | D:5      | Entered Level 5 of the Dungeon
  3626 | D:5      | Reached *** piety under Trog
  3627 | D:5      | Reached skill level 7 in Maces & Flails
  3764 | D:5      | Reached XP level 7. HP: 21/41 MP: 7/7
  4074 | D:5      | Reached skill level 8 in Maces & Flails
  4591 | D:6      | Noticed Grinder
  4650 | D:6      | You fall into a shaft and drop 2 floors!
  4661 | D:9      | Noticed a wraith
  4671 | D:9      | Found Fuymp's Changing Room.
  4695 | D:8      | Noticed a wyvern
  4700 | D:8      | Slain by a wyvern

Illustrated notes

Levels and vault maps discovered:
D:1:      minmay_arrival_diagonal_passages, layout_loops_ring,
          shapermc_ecumenical_altar_mp_urbaneastern, serial_aquarium,
          aquarium_bridge_long_separate [aquarium_subvault_wall,
          aquarium_subvault_bridge, aquarium_subvault_bridge,
          aquarium_subvault_bridge, aquarium_subvault_window,
          aquarium_subvault_wall], aquarium_window_fake, aquarium_window_fake,
          aquarium_window_corner, aquarium_window_fake, aquarium_view_2f,
          aquarium_pool_corner
D:2:      layout_loops_ring
D:3:      layout_rooms
D:4:      layout_rooms, minmay_temple_entry_wispy
D:5:      layout_loops_ring
D:6:      hellmonk_destroyed_diamonds, layout_rooms,
          mainiacjoe_overflow_alcove_1, mainiacjoe_overflow_small_starburst,
          nicolae_qazlal_general_emergency, nemelex_dance_club_becter,
          mainiacjoe_overflow_divided_tiny, chequers_serial_rivers_marsh,
          kennysheep_generic_room_10, uniq_grinder, uniq_sigmund
D:8:      layout_rooms, mainiacjoe_overflow_surrounded_room, serial_shops,
          nicolae_inconvenience_store
D:9:      layout_rooms, nicolae_gozag_zags_fifth_avenue, erik_lair_island,
          erik_orc_1, serial_shops, shop, nicolae_transmutations_shop,
          grunt_ministairs_3
Temple:   eino_temple_lava

Skill      XL: |  1  2  3  4  5  6  7 |
---------------+----------------------+-----
Maces & Flails | 4 5 6 7 8 |  8.8
Fighting       | |  3.2
Armour         | |  2.1
Dodging        | |  1.5

Action                   |  1- 3 |  4- 6 |  7- 9 || total
-------------------------+-------+-------+-------++-------
Melee: Mace              |    70 |   115 |    33 ||   218
       Club              |    42 |    37 |       ||    79
       Dagger            |    12 |    19 |       ||    31
       Punch             |       |     1 |     1 ||     2
Throw: Boomerang         |       |       |     2 ||     2
Invok: Berserk           |     1 |       |       ||     1
 Stab: Sleeping          |     1 |     1 |       ||     2
Armor: Animal skin       |    40 |     4 |       ||    44
       Ring mail         |       |    66 |    15 ||    81
Dodge: Dodged            |    74 |   102 |    13 ||   189

Table legend: (Time is in decaauts)
 A = Elapsed time spent in this place.
 B = Non-inter-level travel time spent in this place.
 C = Inter-level travel time spent in this place.
 D = Time resting spent in this place.
 E = Time spent auto-exploring this place.
 F = Levels seen in this place.
 G = Mean time per level.
                   A        B        C        D        E       F      G
               +--------+--------+--------+--------+--------+-----+--------+
         Total |   4737 |   4565 |    172 |    187 |   3504 |   9 |  526.3 |
       Dungeon |   4670 |   4506 |    164 |    187 |   3453 |   8 |  583.8 |
        Temple |     67 |     59 |      8 |      0 |     51 |   1 |   67.0 |
               +--------+--------+--------+--------+--------+-----+--------+

Top non-repeatable levels by time:
     D:1: 1403 daAuts
     D:5: 1009 daAuts
     D:4: 906 daAuts
     D:2: 897 daAuts
     D:3: 378 daAuts
  Temple: 67 daAuts
     D:8: 34 daAuts
     D:6: 25 daAuts
     D:9: 15 daAuts
